 Dungeon Crawl Stone Soup version 0.17-a0-1596-g1e86911 (webtiles) character file.

1178 karlkraus the Shield-Bearer (level 8, -4/70 HPs)
             Began as a Minotaur Fighter on July 31, 2015.
             Was a Priest of Ru.
             Slain by a slave (5 damage)
             ... led by Pikel
             ... on level 6 of the Dungeon.
             The game lasted 00:13:29 (4386 turns).

karlkraus the Shield-Bearer (Minotaur Fighter)      Turns: 4386, Time: 00:13:30

Health: -4/70      AC: 16    Str: 23    XL:     8   Next: 18%
Magic:  7/7        EV:  7    Int:  5    God:    Ru [***...]
Gold:   272        SH:  7    Dex: 10    Spells: 0 memorised, 7 levels left

rFire  x . .     SeeInvis .     w - +2 mace (drain)
rCold  x . .     Clarity  .     F - +0 plate armour
rNeg   . . .     SustAt   .     I - +2 buckler
rPois  .         Gourm    .     (helmet restricted)
rElec  .         Spirit   .     o - +2 cloak
rCorr  .         Warding  .     (no gloves)
rMut   .         Stasis   .     (no boots)
MR     +....                    (no amulet)
Stlth  ..........               m - ring of flight
                                g - ring of protection from magic

@: somewhat resistant to hostile enchantments, extremely unstealthy
A: retaliatory headbutt, horns 2, no stealth, temperature sensitive
a: Draw Out Power, Renounce Religion, Evoke Flight


You were on level 6 of the Dungeon.
You worshipped Ru.
Ru was most pleased with you.
You were hungry.

You visited 1 branch of the dungeon, and saw 6 of its levels.

You collected 272 gold pieces.

Inventory:

Hand weapons
 w - a +2 mace of draining (weapon)
 K - a +0 flail
Armour
 o - a +2 cloak (worn)
 F - a +0 plate armour (worn)
 I - a +2 buckler (worn)
Jewellery
 g - a ring of protection from magic (left hand)
 i - an uncursed ring of teleportation
 m - a ring of flight (right hand)
 J - a cursed ring of loudness {unknown}
Magical devices
 c - a wand of fireball (4)
 v - a wand of disintegration (11)
 B - a wand of digging (5)
Scrolls
 b - 3 scrolls of identify
 d - 8 scrolls of remove curse
 j - 3 scrolls of fear {unknown}
 l - 2 scrolls of magic mapping {unknown}
 q - a scroll of random uselessness {unknown}
 t - a scroll of enchant armour {unknown}
 x - 2 scrolls of fog {unknown}
 y - a scroll of teleportation {unknown}
 D - a scroll of blinking {unknown}
 E - a scroll of enchant weapon {unknown}
 G - a scroll of immolation {unknown}
 H - a scroll of recharging {unknown}
Potions
 h - 3 potions of curing {unknown}
 n - a potion of degeneration {unknown}
 p - 5 potions of flight
 r - 2 potions of ambrosia {unknown}
 s - 2 potions of lignification {unknown}
 u - a potion of cure mutation
 z - a potion of resistance {unknown}
 A - a potion of invisibility {unknown}
 C - 2 potions of brilliance {unknown}
 L - a potion of might
 N - a potion of heal wounds {unknown}
Comestibles
 a - a slice of pizza
 e - 4 bread rations
 f - a meat ration
 k - 2 beef jerkies
 M - 2 chunks of flesh


   Skills:
 + Level 6.1 Fighting
 + Level 6.2 Maces & Flails
 + Level 6.4 Armour
 + Level 2.9 Dodging
 + Level 7.0 Shields


You had 7 spell levels left.
You didn't know any spells.

Dungeon Overview and Level Annotations

Branches:
Dungeon (6/15)
 Temple: D:4-7

Altars:
Ashenzari
Gozag
Kikubaaqudgha
Makhleb
Nemelex Xobeh
Okawaru
Qazlal
Ru
Vehumet

Annotations:
D:6 Pikel


Innate Abilities, Weirdness & Mutations

You reflexively headbutt those who attack you in melee.
You have a pair of horns on your head.
You cannot be stealthy.
You are sensitive to extremes of temperature (rF-, rC-).


Message History

The slave is stunned by your will and fails to attack.
You block the slave's attack.
You redirect the slave's attack!
The slave closely misses the slave.
The slave hits you.
* * * LOW HITPOINT WARNING * * *
You hit Pikel but do no damage.
Pikel is almost dead.
You are feeling hungry.
You block Pikel's attack. The slave hits you but does no damage.
You block the slave's attack. The slave hits you.
* * * LOW HITPOINT WARNING * * *
The slave hits you but does no damage. x2
You closely miss Pikel. Your headbutt misses Pikel.
Pikel is almost dead.
Pikel hits you but does no damage.
You are electrocuted!
* * * LOW HITPOINT WARNING * * *
You focus your will and slow Pikel in retribution!
The slave hits you but does no damage. x3
The slave hits you.
You die...

#...###.....###
#..# #...#
###.....##..#
#...#
##........#
....#
##.......# #
....#
##.....#####..
....#
##.....#....#
....#
##.......#
#......##
#.p@p### #.pKp#
#........
...>.........
...............
............#..
...........## .
...........#


You could see Pikel and 4 slaves.

Vanquished Creatures
  A phantom (D:4)
  4 scorpions
  A gnoll sergeant (D:5)
  3 crimson imps
  3 orc wizards
  Crazy Yiuf (D:2)
  4 hounds
  5 orc priests
  Jessica (D:2)
  Terence (D:3)
  2 worker ants (D:4)
  Natasha (thrice) (D:3)
  A hound skeleton (D:5)
  6 adders
  5 gnolls (D:5)
  3 oozes
  An adder skeleton (D:4)
  2 worms
  3 giant geckos
  21 orcs
  A ball python (D:3)
  5 bats
  2 giant cockroaches
  7 goblins
  5 hobgoblins
  19 jackals
  2 quokkas
  A giant gecko zombie (D:5)
  6 giant newts
  7 kobolds
  7 rats
133 creatures vanquished.

Notes
Turn   | Place    | Note
--------------------------------------------------------------
     0 | D:1      | karlkraus the Minotaur Fighter began the quest for the Orb.
     0 | D:1      | Reached XP level 1. HP: 19/19 MP: 0/0
    45 | D:1      | Reached skill level 4 in Fighting
    48 | D:1      | Reached XP level 2. HP: 6/27 MP: 1/1
   604 | D:1      | Reached XP level 3. HP: 32/34 MP: 2/2
   849 | D:2      | Found a faded altar to an unknown god.
   894 | D:2      | Found an iron altar of Okawaru.
   894 | D:2      | Found a sacrificial altar of Ru.
   900 | D:2      | Became a worshipper of Ru the Awakened
   991 | D:2      | Noticed Crazy Yiuf
   998 | D:2      | Killed Crazy Yiuf
   998 | D:2      | Reached skill level 1 in Dodging
   998 | D:2      | Reached XP level 4. HP: 32/41 MP: 3/3
  1133 | D:2      | Found a stormy altar of Qazlal.
  1136 | D:2      | Found an opulent altar of Gozag.
  1139 | D:2      | Found a burning altar of Makhleb.
  1233 | D:2      | Noticed Jessica
  1236 | D:2      | Killed Jessica
  1454 | D:3      | Noticed Terence
  1455 | D:3      | Killed Terence
  1455 | D:3      | Reached XP level 5. HP: 47/47 MP: 4/4
  1554 | D:3      | Reached skill level 5 in Armour
  1598 | D:3      | Noticed Natasha
  1605 | D:3      | Killed Natasha
  1634 | D:3      | Noticed Natasha
  1639 | D:3      | Killed Natasha
  1669 | D:3      | Gained mutation: You cannot be stealthy. [Ru sacrifice]
  1949 | D:3      | Noticed Natasha
  1952 | D:3      | Killed Natasha
  2301 | D:4      | Found a sparkling altar of Nemelex Xobeh.
  2376 | D:4      | Reached XP level 6. HP: 55/55 MP: 5/5
  2404 | D:4      | Reached skill level 5 in Shields
  2446 | D:4      | Reached skill level 5 in Fighting
  2855 | D:4      | Reached XP level 7. HP: 61/61 MP: 6/6
  2874 | D:4      | Noticed a phantom
  2897 | D:4      | Killed a phantom
  3135 | D:5      | Entered Level 5 of the Dungeon
  3140 | D:5      | Found a shattered altar of Ashenzari.
  3140 | D:5      | Found a radiant altar of Vehumet.
  3140 | D:5      | Found an ancient bone altar of Kikubaaqudgha.
  3145 | D:5      | Reached skill level 5 in Maces & Flails
  3189 | D:5      | Reached skill level 6 in Shields
  3604 | D:5      | Gained mutation: You are sensitive to extremes of temperature (rF-, rC-). [Ru sacrifice]
  3604 | D:5      | Acquired Ru's first power
  3604 | D:5      | Acquired Ru's second power
  3604 | D:5      | Acquired Ru's third power
  3848 | D:5      | Reached XP level 8. HP: 21/70 MP: 7/7
  4357 | D:6      | Reached skill level 7 in Shields
  4373 | D:6      | Noticed Pikel
  4386 | D:6      | HP: 1/70 [Pikel/whip of electrocution (19)]
  4386 | D:6      | Slain by a slave

Vault maps used:
D:1:      enne_arrival_octagon_isle, kennysheep_boxes
D:2:      grunt_temple_overflow_diamond, gammafunk_temple_overflow_statue,
          ecumenical_altar_2, first_bread, uniq_jessica, uniq_crazy_yiuf_cottage
D:3:      uniq_natasha, uniq_terence
D:4:      nemelex_dance_club_becter
D:5:      grunt_temple_overflow_open, minmay_stone_trees_small
D:6:      uniq_pikel, uniq_grinder

Action                   |  1- 3 |  4- 6 |  7- 9 || total
-------------------------+-------+-------+-------++-------
Melee: Flail             |    74 |   129 |    95 ||   298
       Mace              |       |       |    40 ||    40
Invok: Sacrifice Stealth |       |     1 |       ||     1
       Sacrifice Resista |       |       |     1 ||     1
  Use: Scroll            |     2 |     1 |       ||     3
       Potion            |     1 |       |       ||     1
 Stab: Invisible         |       |       |     1 ||     1
  Eat: Chunk             |       |     6 |     5 ||    11
